Maple Leafs vs Oilers
(R1)
Created - June 2, 2021 at 19:02
Goals
|
| Maple Leafs |
2 |
1 |
0 |
3 |
| Oilers |
1 |
1 |
0 |
2 |
|
Shots
|
| Maple Leafs |
10 |
10 |
9 |
29 |
| Oilers |
13 |
12 |
8 |
33 |
|
1st period
1. Maple Leafs , Jake Guentzel 4 (Kevin Shattenkirk 13, Logan Couture 4) at 3:23 (PP)
2. Maple Leafs , Patrick Kane 10 (Claude Giroux 13, Brayden Schenn 4) at 8:32 (PP)
3. Oilers , Brandon Sutter 5 (Leon Draisaitl 3, Anton Volchenkov 1) at 16:18
Penalties :
Phil Kessel (EDM) for Slashing (Minor) at 2:50, Henrik Zetterberg (EDM) for Hooking (Minor) at 7:52, Kevin Shattenkirk (Tor) for Hooking (Minor) at 16:21
2nd period
4. Maple Leafs , Patrick Kane 11 (Kevin Shattenkirk 14) at 10:43 (PP)
5. Oilers , Nikolai Kulemin 2 (Anton Volchenkov 2) at 11:34
Penalties :
Adam Larsson (EDM) for Interference (Minor) at 7:37, Henrik Zetterberg (EDM) for Interference (Minor) at 10:28, Patrick Kane (Tor) for Hooking (Minor) at 11:59
3rd period
No Goal
Penalties :
James Neal (EDM) for Holding (Minor) at 17:10
Goalie Stats
John Gibson (Tor), 31 saves from 33 shots - (0.939), W, 11-3-0, 60:00 minutes
James Reimer (EDM), 26 saves from 29 shots - (0.897), L, 10-5-1, 59:37 minutes
Players Stats for Maple Leafs
Player Name G A P +/- PIM S H SB GA TA FO MP PP MP PK MP
------------------------------------------------------------------------------------
Andre Burakovsky 0 0 0 0 0 0 1 0 0 2 0/2 11:02 0:00 0:00
Beau Bennett 0 0 0 0 0 1 1 1 1 0 0/1 11:02 0:00 0:00
Ben Smith 0 0 0 0 0 3 0 1 1 0 0/1 15:24 2:00 0:00
Blake Comeau 0 0 0 0 0 1 1 0 0 0 0/0 8:46 0:00 0:00
Bo Horvat 0 0 0 0 0 1 0 0 0 1 5/5 7:57 0:00 0:00
Brayden Schenn 0 1 1 -2 0 2 5 1 1 0 12/31 22:13 3:17 1:36
Braydon Coburn 0 0 0 -1 0 0 3 1 0 0 0/0 19:37 1:37 1:34
Calvin de Haan 0 0 0 0 0 0 0 0 0 2 0/0 13:11 0:00 1:12
Claude Giroux 0 1 1 -2 0 4 3 2 0 0 0/1 22:23 3:26 2:08
Dany Heatley 0 0 0 0 0 1 1 0 0 0 0/0 10:52 0:00 1:31
Hampus Lindholm 0 0 0 -1 0 1 2 1 0 2 0/0 19:37 1:37 1:34
Jake Guentzel 1 0 1 0 0 2 3 0 0 0 0/0 15:24 2:00 0:00
John Klingberg 0 0 0 -1 0 2 0 0 1 0 0/0 27:06 3:49 2:24
Kevin Shattenkirk 0 2 2 -1 2 5 1 3 1 0 0/0 27:14 3:49 1:12
Logan Couture 0 1 1 0 0 2 0 0 0 0 4/10 17:32 2:00 2:08
Mika Zibanejad 0 0 0 0 0 0 1 0 1 0 2/4 12:18 0:09 0:14
Patrick Kane 2 0 2 -2 2 4 1 0 1 0 0/1 21:05 3:26 0:19
Ryan Parent 0 0 0 0 0 0 0 1 1 0 0/0 13:17 0:00 0:00
Players Stats for Oilers
Player Name G A P +/- PIM S H SB GA TA FO MP PP MP PK MP
------------------------------------------------------------------------------------
Adam Larsson 0 0 0 0 2 3 0 2 0 1 0/0 26:51 0:00 0:57
Anton Volchenkov 0 2 2 2 0 2 2 0 0 0 0/0 21:30 1:28 3:19
Brandon Sutter 1 0 1 1 0 5 3 1 0 1 9/19 19:21 0:00 3:34
Connor McDavid 0 0 0 0 0 3 0 0 0 0 6/9 15:25 2:07 0:27
Darnell Nurse 0 0 0 1 0 0 2 1 0 0 0/0 22:11 2:30 3:21
Denis Grebeshkov 0 0 0 0 0 0 0 0 0 0 0/0 2:20 0:00 0:00
Henrik Zetterberg 0 0 0 0 4 4 3 0 1 0 15/22 19:24 1:51 1:09
James Neal 0 0 0 0 2 3 2 0 2 0 0/0 14:39 2:07 0:00
Jordan Eberle 0 0 0 0 0 1 1 1 1 0 0/0 19:27 1:51 1:17
Kevin Porter 0 0 0 1 0 0 2 0 0 0 0/0 8:37 0:00 0:00
Leon Draisaitl 0 1 1 1 0 1 0 0 0 0 0/0 14:12 0:00 0:00
Nikolai Kulemin 1 0 1 1 0 2 1 0 0 1 0/1 9:15 0:00 0:38
Pavel Buchnevich 0 0 0 1 0 0 0 0 0 1 0/1 8:37 0:00 0:00
Phil Kessel 0 0 0 1 2 2 2 1 0 0 0/0 15:00 2:07 0:00
Rasmus Ristolainen 0 0 0 0 0 1 2 2 2 1 0/0 23:16 2:30 0:08
Riley Sheahan 0 0 0 0 0 0 3 0 0 1 1/1 16:16 0:00 3:34
Taylor Hall 0 0 0 0 0 5 3 1 1 1 2/3 18:03 1:51 0:35
Tobias Enstrom 0 0 0 1 0 1 1 0 0 1 0/0 20:05 1:28 2:45
3 Stars
1 - Anton Volchenkov (EDM)
2 - Brandon Sutter (EDM)
3 - Jake Guentzel (Tor)
Power Play
Maple Leafs - 3 on 5 Attempt(s) - 60.00%
Oilers - 0 on 2 Attempt(s) - 0.00%
Penalty Kill
Maple Leafs - 2 on 2 Attempt(s) - 100.00%
- Score 0 goal in Penalty Kill
Oilers - 2 on 5 Attempt(s) - 40.00%
- Score 0 goal in Penalty Kill
Team Stat
Maple Leafs - Hits : 23 - Faceoff Wins : 23 - Blocked Shots : 11 - Penalty Minutes : 4
Oilers - Hits : 27 - Faceoff Wins : 33 - Blocked Shots : 9 - Penalty Minutes : 10
Official
Referees : Unknown
Linesman : Unknown
Game Notes
Denis Grebeshkov is injured at 6:05 of 1st period (Separated Right Shoulder)
Finance
Level 1 -- Attendance: 6000 (100.00%) -- Ticket Income $660,000
Level 2 -- Attendance: 5000 (100.00%) -- Ticket Income $350,000
Level 3 -- Attendance: 2000 (100.00%) -- Ticket Income $92,000
Level 4 -- Attendance: 4000 (100.00%) -- Ticket Income $120,000
Luxury Box -- Attendance: 1000 (100.00%) -- Ticket Income $180,000
Game was played at the Rogers Arena.
Total Attendance: 18000 (100.00%)
Total Ticket Income: $1,402,000
Other Income: $210,300
Total Income: $1,612,300
Maple Leafs
5 vs 5 Forward
Center Left Wing Right Wing Time % Phy DF OF
1 Brayden Schenn Claude Giroux Patrick Kane 40 1 2 2
2 Logan Couture Jake Guentzel Ben Smith 30 1 2 2
3 Mika Zibanejad Andre Burakovsky Beau Bennett 20 1 2 2
4 Bo Horvat Dany Heatley Blake Comeau 10 1 2 2
5 vs 5 Defense
Defense Defense Time % Phy DF OF
1 Kevin Shattenkirk John Klingberg 40 1 2 2
2 Braydon Coburn Hampus Lindholm 30 1 2 2
3 Ryan Parent Calvin de Haan 20 1 2 2
4 Kevin Shattenkirk John Klingberg 10 1 2 2
PowerPlay Forward
Center Left Wing Right Wing Time % Phy DF OF
1 Brayden Schenn Claude Giroux Patrick Kane 60 1 2 2
2 Logan Couture Jake Guentzel Ben Smith 40 1 2 2
PowerPlay Defense
Defense Defense Time % Phy DF OF
1 Kevin Shattenkirk John Klingberg 60 1 2 2
2 Braydon Coburn Hampus Lindholm 40 1 2 2
Penalty Kill 4 Players Forward
Center Wing Time % Phy DF OF
1 Logan Couture Claude Giroux 60 1 2 2
2 Brayden Schenn Patrick Kane 40 1 2 2
Penalty Kill 4 Players Defense
Defense Defense Time % Phy DF OF
1 Kevin Shattenkirk John Klingberg 60 1 2 2
2 Braydon Coburn Hampus Lindholm 40 1 2 2
Penalty Kill - 3 Players Forward
Forward Time % Phy DF OF
1 Brayden Schenn 60 1 2 2
2 Logan Couture 40 1 2 2
Penalty Kill - 3 Players Defense
Defense Defense Time % Phy DF OF
1 Kevin Shattenkirk John Klingberg 60 1 2 2
2 Braydon Coburn Hampus Lindholm 40 1 2 2
4 vs 4 Forward
Center Wing Time % Phy DF OF
1 Logan Couture Patrick Kane 60 1 2 2
2 Brayden Schenn Claude Giroux 40 1 2 2
4 vs 4 Defense
Defense Defense Time % Phy DF OF
1 Kevin Shattenkirk John Klingberg 60 1 2 2
2 Braydon Coburn Hampus Lindholm 40 1 2 2
Last Minutes Offensive
Center Left Wing Right Wing Defense Defense
Brayden Schenn Claude Giroux Patrick Kane Kevin Shattenkirk John Klingberg
Last Minutes Defensive
Center Left Wing Right Wing Defense Defense
Brayden Schenn Claude Giroux Patrick Kane Kevin Shattenkirk Braydon Coburn
Goaltenders
Starting : John Gibson
Backup : Tyler Weiman
Extra Forwards
Normal : Mika Zibanejad, Dany Heatley, Brayden Schenn - PP : Mika Zibanejad, Dany Heatley - PK : Logan Couture
Extra Defensemen
Normal : Ryan Parent, Calvin de Haan, Braydon Coburn - PP : Ryan Parent - PK : Calvin de Haan, Braydon Coburn
Penalty Shots
Claude Giroux, Patrick Kane, Brayden Schenn, Ben Smith, Logan Couture
Scratches
Chris Kelly (Healthy)
Oilers
5 vs 5 Forward
Center Left Wing Right Wing Time % Phy DF OF
1 Henrik Zetterberg Taylor Hall Jordan Eberle 40 1 2 2
2 Brandon Sutter Leon Draisaitl Phil Kessel 30 1 2 2
3 Connor McDavid James Neal Riley Sheahan 20 1 2 2
4 Kevin Porter Nikolai Kulemin Pavel Buchnevich 10 1 2 2
5 vs 5 Defense
Defense Defense Time % Phy DF OF
1 Adam Larsson Rasmus Ristolainen 40 1 2 2
2 Tobias Enstrom Denis Grebeshkov 30 1 2 2
3 Darnell Nurse Anton Volchenkov 20 1 2 2
4 Adam Larsson Denis Grebeshkov 10 1 2 2
PowerPlay Forward
Center Left Wing Right Wing Time % Phy DF OF
1 Connor McDavid James Neal Phil Kessel 60 1 2 2
2 Henrik Zetterberg Taylor Hall Jordan Eberle 40 1 2 2
PowerPlay Defense
Defense Defense Time % Phy DF OF
1 Darnell Nurse Rasmus Ristolainen 60 1 2 2
2 Anton Volchenkov Tobias Enstrom 40 1 2 2
Penalty Kill 4 Players Forward
Center Wing Time % Phy DF OF
1 Brandon Sutter Riley Sheahan 60 1 2 2
2 Henrik Zetterberg Jordan Eberle 40 1 2 2
Penalty Kill 4 Players Defense
Defense Defense Time % Phy DF OF
1 Adam Larsson Anton Volchenkov 60 1 2 2
2 Darnell Nurse Tobias Enstrom 40 1 2 2
Penalty Kill - 3 Players Forward
Forward Time % Phy DF OF
1 Henrik Zetterberg 60 1 2 2
2 Jordan Eberle 40 1 2 2
Penalty Kill - 3 Players Defense
Defense Defense Time % Phy DF OF
1 Tobias Enstrom Rasmus Ristolainen 60 1 2 2
2 Darnell Nurse Anton Volchenkov 40 1 2 2
4 vs 4 Forward
Center Wing Time % Phy DF OF
1 Brandon Sutter Jordan Eberle 60 1 2 2
2 Henrik Zetterberg Riley Sheahan 40 1 2 2
4 vs 4 Defense
Defense Defense Time % Phy DF OF
1 Tobias Enstrom Rasmus Ristolainen 60 1 2 2
2 Darnell Nurse Denis Grebeshkov 40 1 2 2
Last Minutes Offensive
Center Left Wing Right Wing Defense Defense
Henrik Zetterberg Taylor Hall Jordan Eberle Tobias Enstrom Rasmus Ristolainen
Last Minutes Defensive
Center Left Wing Right Wing Defense Defense
Henrik Zetterberg Taylor Hall Jordan Eberle Tobias Enstrom Rasmus Ristolainen
Goaltenders
Starting : James Reimer
Backup : Jonas Gustavsson
Extra Forwards
Normal : Leon Draisaitl, Connor McDavid, Nikolai Kulemin - PP : Leon Draisaitl, Connor McDavid - PK : Nikolai Kulemin
Extra Defensemen
Normal : Adam Larsson, Anton Volchenkov, Darnell Nurse - PP : Adam Larsson - PK : Anton Volchenkov, Darnell Nurse
Penalty Shots
Taylor Hall, Jordan Eberle, Phil Kessel, Riley Sheahan, Henrik Zetterberg
Scratches
Oscar Klefbom (Healthy), Jordan Caron (Healthy), Mike Smith (Healthy)
% Time on Ice - Maple Leafs
Lines # - Real PCT - Wanted PCT - Time Play
Normal Forward
1 - 33% - 40% - 16:31
2 - 29% - 30% - 14:17
3 - 22% - 20% - 11:02
4 - 16% - 10% - 7:57
Normal Defense
1 - 39% - 40% - 19:21
2 - 33% - 30% - 16:11
3 - 24% - 20% - 11:48
4 - 5% - 10% - 2:27
PP Forward
1 - 63% - 60% - 3:26
2 - 37% - 40% - 2:00
PP Defense
1 - 70% - 60% - 3:49
2 - 30% - 40% - 1:37
PK Forward
1 - 79% - 60% - 3:08
2 - 21% - 40% - 0:50
PK Defense
1 - 61% - 60% - 2:24
2 - 39% - 40% - 1:34
PK3 Forward
1 - 0% - 60%
2 - 0% - 40%
PK3 Defense
1 - 0% - 60%
2 - 0% - 40%
44 Forward
1 - 0% - 60%
2 - 0% - 40%
44 Defense
1 - 0% - 60%
2 - 0% - 40%
Last Minute Offensive - 0:00
Last Minute Defensive - 0:49
Total
Forward - 60:00
Defense - 60:00
|
% Time on Ice - Oilers
Lines # - Real PCT - Wanted PCT - Time Play
Normal Forward
1 - 32% - 40% - 15:42
2 - 26% - 30% - 13:02
3 - 25% - 20% - 12:29
4 - 17% - 10% - 8:37
Normal Defense
1 - 35% - 40% - 17:29
2 - 37% - 30% - 18:16
3 - 17% - 20% - 8:42
4 - 11% - 10% - 5:23
PP Forward
1 - 53% - 60% - 2:07
2 - 47% - 40% - 1:51
PP Defense
1 - 63% - 60% - 2:30
2 - 37% - 40% - 1:28
PK Forward
1 - 76% - 60% - 4:09
2 - 24% - 40% - 1:17
PK Defense
1 - 70% - 60% - 3:49
2 - 30% - 40% - 1:37
PK3 Forward
1 - 0% - 60%
2 - 0% - 40%
PK3 Defense
1 - 0% - 60%
2 - 0% - 40%
44 Forward
1 - 0% - 60%
2 - 0% - 40%
44 Defense
1 - 0% - 60%
2 - 0% - 40%
Last Minute Offensive - 0:46
Last Minute Defensive - 0:00
Total
Forward - 60:00
Defense - 60:00
|
Play-by-Play
1st period
0:01 of 1st period - Taylor Hall wins face-off versus Brayden Schenn in neutral zone.
0:04 of 1st period - Wrist shot by Rasmus Ristolainen.
0:04 of 1st period - Shot Blocked by Brayden Schenn.
0:26 of 1st period - John Klingberg is hit by Rasmus Ristolainen and loses puck.
0:33 of 1st period - Wrist shot by Brandon Sutter.
0:33 of 1st period - Stopped by John Gibson with a rebound.
0:38 of 1st period - Off-side.
0:39 of 1st period - Riley Sheahan wins face-off versus Mika Zibanejad in neutral zone.
1:34 of 1st period - Rasmus Ristolainen is hit by Hampus Lindholm and loses puck.
2:50 of 1st period - Minor Penalty to Phil Kessel for Slashing.
2:51 of 1st period - Brayden Schenn wins face-off versus Brandon Sutter in Oilers zone.
3:01 of 1st period - Wrist shot by Patrick Kane.
3:01 of 1st period - Shot Blocked by Darnell Nurse.
3:23 of 1st period - Wrist shot by Jake Guentzel.
3:23 of 1st period - Goal by Jake Guentzel - Maple Leafs : 1 - Oilers : 0.
3:24 of 1st period - Henrik Zetterberg wins face-off versus Brayden Schenn in neutral zone.
4:12 of 1st period - Adam Larsson is hit by Braydon Coburn and loses puck.
4:31 of 1st period - Backhand shot by Pavel Buchnevich.
4:31 of 1st period - Shot Misses the Net.
4:33 of 1st period - Slapshot by Adam Larsson.
4:33 of 1st period - Stopped by John Gibson without a rebound.
4:34 of 1st period - Bo Horvat wins face-off versus Connor McDavid in Maple Leafs zone.
4:55 of 1st period - Snap shot by Bo Horvat.
4:55 of 1st period - Stopped by James Reimer without a rebound.
4:56 of 1st period - Taylor Hall wins face-off versus Brayden Schenn in Oilers zone.
5:03 of 1st period - Wrist shot by Claude Giroux.
5:03 of 1st period - Stopped by James Reimer with a rebound.
5:05 of 1st period - Snap shot by Brayden Schenn.
5:05 of 1st period - Stopped by James Reimer with a rebound.
5:07 of 1st period - Snap shot by Patrick Kane.
5:07 of 1st period - Deflect By Taylor Hall.
5:07 of 1st period - Stopped by James Reimer with a rebound.
5:09 of 1st period - Snap shot by Claude Giroux.
5:09 of 1st period - Shot Misses the Net.
6:04 of 1st period - Denis Grebeshkov is hit by Braydon Coburn and loses puck.
6:05 of 1st period - Denis Grebeshkov from Oilers is injured at 6:05 of 1st period (Separated Right Shoulder).
6:06 of 1st period - Henrik Zetterberg wins face-off versus Brayden Schenn in Oilers zone.
6:23 of 1st period - Snap shot by Claude Giroux.
6:23 of 1st period - Deflect By Brayden Schenn.
6:23 of 1st period - Stopped by James Reimer with a rebound.
6:45 of 1st period - Slapshot by Phil Kessel.
6:45 of 1st period - Shot Misses the Net.
6:47 of 1st period - Snap shot by Phil Kessel.
6:47 of 1st period - Stopped by John Gibson without a rebound.
6:48 of 1st period - Henrik Zetterberg wins face-off versus Brayden Schenn in Maple Leafs zone.
7:08 of 1st period - Icing by John Klingberg.
7:09 of 1st period - Brandon Sutter wins face-off versus Ben Smith in Maple Leafs zone.
7:14 of 1st period - Slapshot by Phil Kessel.
7:14 of 1st period - Shot Misses the Net.
7:52 of 1st period - Minor Penalty to Henrik Zetterberg for Hooking.
7:53 of 1st period - Brandon Sutter wins face-off versus Brayden Schenn in Oilers zone.
8:26 of 1st period - Snap shot by Kevin Shattenkirk.
8:26 of 1st period - Stopped by James Reimer without a rebound.
8:27 of 1st period - Brayden Schenn wins face-off versus Nikolai Kulemin in Oilers zone.
8:32 of 1st period - Backhand shot by Patrick Kane.
8:32 of 1st period - Goal by Patrick Kane - Maple Leafs : 2 - Oilers : 0.
8:33 of 1st period - Brayden Schenn wins face-off versus Henrik Zetterberg in neutral zone.
10:16 of 1st period - Snap shot by Taylor Hall.
10:16 of 1st period - Deflect By Henrik Zetterberg.
10:16 of 1st period - Stopped by John Gibson without a rebound.
10:17 of 1st period - Henrik Zetterberg wins face-off versus Brayden Schenn in Maple Leafs zone.
10:18 of 1st period - Snap shot by Taylor Hall.
10:18 of 1st period - Stopped by John Gibson with a rebound.
10:20 of 1st period - Slapshot by Adam Larsson.
10:20 of 1st period - Stopped by John Gibson with a rebound.
10:22 of 1st period - Snap shot by Taylor Hall.
10:22 of 1st period - Shot Misses the Net.
10:24 of 1st period - Slapshot by Adam Larsson.
10:24 of 1st period - Shot Blocked by Claude Giroux.
10:48 of 1st period - Wrist shot by Phil Kessel.
10:48 of 1st period - Stopped by John Gibson with a rebound.
10:56 of 1st period - Slapshot by Kevin Shattenkirk.
10:56 of 1st period - Shot Blocked by Phil Kessel.
11:08 of 1st period - Slapshot by John Klingberg.
11:08 of 1st period - Stopped by James Reimer without a rebound.
11:09 of 1st period - Connor McDavid wins face-off versus Beau Bennett in Oilers zone.
11:26 of 1st period - Snap shot by James Neal.
11:26 of 1st period - Shot Blocked by Beau Bennett.
11:28 of 1st period - Wrist shot by James Neal.
11:28 of 1st period - Shot Misses the Net.
11:47 of 1st period - Andre Burakovsky is hit by James Neal and loses puck.
11:58 of 1st period - Wrist shot by James Neal.
11:58 of 1st period - Stopped by John Gibson with a rebound.
12:00 of 1st period - Snap shot by Anton Volchenkov.
12:00 of 1st period - Stopped by John Gibson with a rebound.
12:02 of 1st period - Wrist shot by Connor McDavid.
12:02 of 1st period - Stopped by John Gibson without a rebound.
12:03 of 1st period - Henrik Zetterberg wins face-off versus Brayden Schenn in Maple Leafs zone.
12:29 of 1st period - Ben Smith is hit by Kevin Porter and loses puck.
12:38 of 1st period - Snap shot by Nikolai Kulemin.
12:38 of 1st period - Shot Blocked by Ben Smith.
13:37 of 1st period - Ben Smith is hit by Nikolai Kulemin and loses puck.
13:59 of 1st period - Wrist shot by Brandon Sutter.
13:59 of 1st period - Stopped by John Gibson with a rebound.
14:28 of 1st period - Dany Heatley is hit by Taylor Hall and loses puck.
14:39 of 1st period - Wrist shot by Logan Couture.
14:39 of 1st period - Stopped by James Reimer without a rebound.
14:40 of 1st period - Connor McDavid wins face-off versus Logan Couture in Oilers zone.
15:40 of 1st period - Darnell Nurse is hit by Claude Giroux.
16:00 of 1st period - Slapshot by Ben Smith.
16:00 of 1st period - Deflect By Jake Guentzel.
16:00 of 1st period - Shot Blocked by Adam Larsson.
16:00 of 1st period - Puck is out of play.
16:01 of 1st period - Brayden Schenn wins face-off versus Brandon Sutter in Oilers zone.
16:11 of 1st period - Tobias Enstrom is hit by Hampus Lindholm and loses puck.
16:18 of 1st period - Wrist shot by Brandon Sutter.
16:18 of 1st period - Goal by Brandon Sutter - Maple Leafs : 2 - Oilers : 1.
16:19 of 1st period - Brayden Schenn wins face-off versus Henrik Zetterberg in neutral zone.
16:21 of 1st period - Minor Penalty to Kevin Shattenkirk for Hooking.
16:22 of 1st period - Logan Couture wins face-off versus Connor McDavid in Maple Leafs zone.
16:22 of 1st period - Logan Couture is hit by Phil Kessel.
16:59 of 1st period - Slapshot by Rasmus Ristolainen.
16:59 of 1st period - Stopped by John Gibson with a rebound.
18:21 of 1st period - Penalty to Kevin Shattenkirk is over, Kevin Shattenkirk is back on ice.
18:37 of 1st period - Kevin Shattenkirk is hit by Tobias Enstrom and loses puck.
18:46 of 1st period - Anton Volchenkov is hit by Andre Burakovsky and loses puck.
19:25 of 1st period - Dany Heatley is hit by Taylor Hall and loses puck.
Goals for this period are 2 for Maple Leafs vs 1 for Oilers.
Shots for this period are 10 for Maple Leafs vs 13 for Oilers.
2nd period
0:01 of 2nd period - Henrik Zetterberg wins face-off versus Brayden Schenn in neutral zone.
0:35 of 2nd period - Snap shot by Leon Draisaitl.
0:35 of 2nd period - Shot Misses the Net.
0:37 of 2nd period - Backhand shot by Adam Larsson.
0:37 of 2nd period - Shot Blocked by Hampus Lindholm.
0:47 of 2nd period - Slapshot by Hampus Lindholm.
0:47 of 2nd period - Stopped by James Reimer with a rebound.
1:09 of 2nd period - Snap shot by Bo Horvat.
1:09 of 2nd period - Shot Misses the Net.
1:41 of 2nd period - Wrist shot by Claude Giroux.
1:41 of 2nd period - Stopped by James Reimer without a rebound.
1:42 of 2nd period - Brandon Sutter wins face-off versus Logan Couture in Oilers zone.
1:59 of 2nd period - Slapshot by Logan Couture.
1:59 of 2nd period - Stopped by James Reimer without a rebound.
2:00 of 2nd period - Henrik Zetterberg wins face-off versus Brayden Schenn in Oilers zone.
2:00 of 2nd period - Henrik Zetterberg is hit by Brayden Schenn.
2:14 of 2nd period - Slapshot by Rasmus Ristolainen.
2:14 of 2nd period - Deflect By Jordan Eberle.
2:14 of 2nd period - Stopped by John Gibson without a rebound.
2:15 of 2nd period - Brayden Schenn wins face-off versus Brandon Sutter in Maple Leafs zone.
2:25 of 2nd period - Snap shot by Claude Giroux.
2:25 of 2nd period - Stopped by James Reimer with a rebound.
2:27 of 2nd period - Slapshot by Brayden Schenn.
2:27 of 2nd period - Shot Hit the Post.
2:29 of 2nd period - Slapshot by John Klingberg.
2:29 of 2nd period - Shot Blocked by Rasmus Ristolainen.
2:31 of 2nd period - Slapshot by Kevin Shattenkirk.
2:31 of 2nd period - Stopped by James Reimer with a rebound.
2:45 of 2nd period - Wrist shot by Taylor Hall.
2:45 of 2nd period - Stopped by John Gibson with a rebound.
3:05 of 2nd period - Icing by Braydon Coburn.
3:06 of 2nd period - Connor McDavid wins face-off versus Andre Burakovsky in Maple Leafs zone.
3:24 of 2nd period - Wrist shot by Riley Sheahan.
3:24 of 2nd period - Deflect By James Neal.
3:24 of 2nd period - Shot Misses the Net.
3:24 of 2nd period - Puck is out of play.
3:25 of 2nd period - Brayden Schenn wins face-off versus Henrik Zetterberg in Maple Leafs zone.
3:52 of 2nd period - Logan Couture is hit by Brandon Sutter and loses puck.
3:57 of 2nd period - Snap shot by Brandon Sutter.
3:57 of 2nd period - Stopped by John Gibson with a rebound.
3:59 of 2nd period - Snap shot by Brandon Sutter.
3:59 of 2nd period - Shot Blocked by Kevin Shattenkirk.
4:34 of 2nd period - Icing by Kevin Shattenkirk.
4:35 of 2nd period - Bo Horvat wins face-off versus Pavel Buchnevich in Maple Leafs zone.
4:35 of 2nd period - Bo Horvat is hit by Rasmus Ristolainen.
4:43 of 2nd period - Slapshot by Kevin Shattenkirk.
4:43 of 2nd period - Shot Misses the Net.
5:10 of 2nd period - Taylor Hall is hit by Claude Giroux and loses puck.
5:15 of 2nd period - Snap shot by Patrick Kane.
5:15 of 2nd period - Shot Blocked by Rasmus Ristolainen.
5:42 of 2nd period - Icing by Adam Larsson.
5:43 of 2nd period - Mika Zibanejad wins face-off versus Brandon Sutter in Oilers zone.
5:48 of 2nd period - Wrist shot by Beau Bennett.
5:48 of 2nd period - Stopped by James Reimer with a rebound.
6:17 of 2nd period - Snap shot by Brandon Sutter.
6:17 of 2nd period - Stopped by John Gibson without a rebound.
6:18 of 2nd period - Brayden Schenn wins face-off versus Henrik Zetterberg in Maple Leafs zone.
6:30 of 2nd period - Tobias Enstrom is hit by Braydon Coburn and loses puck.
6:45 of 2nd period - Snap shot by James Neal.
6:45 of 2nd period - Stopped by John Gibson with a rebound.
6:47 of 2nd period - Wrist shot by James Neal.
6:47 of 2nd period - Stopped by John Gibson with a rebound.
6:49 of 2nd period - Slapshot by Anton Volchenkov.
6:49 of 2nd period - Stopped by John Gibson without a rebound.
6:50 of 2nd period - Logan Couture wins face-off versus Brandon Sutter in Maple Leafs zone.
6:54 of 2nd period - Off-side.
6:55 of 2nd period - Brandon Sutter wins face-off versus Brayden Schenn in neutral zone.
7:13 of 2nd period - Icing by Brandon Sutter.
7:14 of 2nd period - Brandon Sutter wins face-off versus Logan Couture in Oilers zone.
7:28 of 2nd period - Ben Smith is hit by Brandon Sutter.
7:30 of 2nd period - Wrist shot by Logan Couture.
7:30 of 2nd period - Shot Blocked by Adam Larsson.
7:37 of 2nd period - Minor Penalty to Adam Larsson for Interference.
7:38 of 2nd period - Brandon Sutter wins face-off versus Patrick Kane in Oilers zone.
7:49 of 2nd period - Wrist shot by Brayden Schenn.
7:49 of 2nd period - Deflect By Anton Volchenkov.
7:49 of 2nd period - Shot Blocked by Brandon Sutter.
7:49 of 2nd period - Puck is out of play.
7:50 of 2nd period - Brandon Sutter wins face-off versus Claude Giroux in Oilers zone.
7:50 of 2nd period - Brandon Sutter is hit by Brayden Schenn.
8:00 of 2nd period - Darnell Nurse is hit by Brayden Schenn and loses puck.
8:25 of 2nd period - Wrist shot by Ben Smith.
8:25 of 2nd period - Stopped by James Reimer without a rebound.
8:26 of 2nd period - Henrik Zetterberg wins face-off versus Brayden Schenn in Oilers zone.
8:43 of 2nd period - Brayden Schenn is hit by Riley Sheahan and loses puck.
9:10 of 2nd period - Snap shot by Jordan Eberle.
9:10 of 2nd period - Shot Blocked by Claude Giroux.
9:12 of 2nd period - Backhand shot by Tobias Enstrom.
9:12 of 2nd period - Deflect By Henrik Zetterberg.
9:12 of 2nd period - Stopped by John Gibson without a rebound.
9:13 of 2nd period - Henrik Zetterberg wins face-off versus Brayden Schenn in Maple Leafs zone.
9:37 of 2nd period - Penalty to Adam Larsson is over, Adam Larsson is back on ice.
10:28 of 2nd period - Minor Penalty to Henrik Zetterberg for Interference.
10:29 of 2nd period - Brayden Schenn wins face-off versus Brandon Sutter in Oilers zone.
10:30 of 2nd period - Backhand shot by Patrick Kane.
10:30 of 2nd period - Stopped by James Reimer without a rebound.
10:31 of 2nd period - Brayden Schenn wins face-off versus Brandon Sutter in Oilers zone.
10:43 of 2nd period - Snap shot by Patrick Kane.
10:43 of 2nd period - Goal by Patrick Kane - Maple Leafs : 3 - Oilers : 1.
10:44 of 2nd period - Brayden Schenn wins face-off versus Henrik Zetterberg in neutral zone.
10:49 of 2nd period - Snap shot by Claude Giroux.
10:49 of 2nd period - Shot Blocked by Taylor Hall.
11:11 of 2nd period - Kevin Shattenkirk is hit by Riley Sheahan and loses puck.
11:34 of 2nd period - Backhand shot by Nikolai Kulemin.
11:34 of 2nd period - Goal by Nikolai Kulemin - Maple Leafs : 3 - Oilers : 2.
11:35 of 2nd period - Henrik Zetterberg wins face-off versus Logan Couture in neutral zone.
11:52 of 2nd period - Slapshot by Taylor Hall.
11:52 of 2nd period - Stopped by John Gibson without a rebound.
11:53 of 2nd period - Brandon Sutter wins face-off versus Brayden Schenn in Maple Leafs zone.
11:59 of 2nd period - Minor Penalty to Patrick Kane for Hooking.
12:00 of 2nd period - Logan Couture wins face-off versus Connor McDavid in Maple Leafs zone.
12:28 of 2nd period - Snap shot by Jordan Eberle.
12:28 of 2nd period - Shot Misses the Net.
12:30 of 2nd period - Slapshot by Darnell Nurse.
12:30 of 2nd period - Deflect By Henrik Zetterberg.
12:30 of 2nd period - Stopped by John Gibson with a rebound.
13:17 of 2nd period - Icing by Taylor Hall.
13:18 of 2nd period - Henrik Zetterberg wins face-off versus Brayden Schenn in Oilers zone.
13:59 of 2nd period - Penalty to Patrick Kane is over, Patrick Kane is back on ice.
14:51 of 2nd period - Snap shot by Kevin Porter.
14:51 of 2nd period - Deflect By Nikolai Kulemin.
14:51 of 2nd period - Stopped by John Gibson without a rebound.
14:52 of 2nd period - Henrik Zetterberg wins face-off versus Logan Couture in Maple Leafs zone.
15:19 of 2nd period - Andre Burakovsky is hit by Brandon Sutter.
16:41 of 2nd period - Tobias Enstrom is hit by Claude Giroux and loses puck.
16:54 of 2nd period - Kevin Shattenkirk is hit by Henrik Zetterberg and loses puck.
17:37 of 2nd period - Off-side.
17:38 of 2nd period - Connor McDavid wins face-off versus Brayden Schenn in neutral zone.
18:10 of 2nd period - Beau Bennett is hit by Taylor Hall and loses puck.
18:29 of 2nd period - Slapshot by Kevin Shattenkirk.
18:29 of 2nd period - Stopped by James Reimer with a rebound.
19:33 of 2nd period - Darnell Nurse is hit by Kevin Shattenkirk and loses puck.
19:54 of 2nd period - Braydon Coburn is hit by Kevin Porter and loses puck.
Goals for this period are 1 for Maple Leafs vs 1 for Oilers.
Shots for this period are 10 for Maple Leafs vs 12 for Oilers.
3rd period
0:01 of 3rd period - Henrik Zetterberg wins face-off versus Brayden Schenn in neutral zone.
0:04 of 3rd period - Brayden Schenn is hit by Henrik Zetterberg and loses puck.
0:47 of 3rd period - Slapshot by Taylor Hall.
0:47 of 3rd period - Shot Misses the Net.
0:59 of 3rd period - Snap shot by Taylor Hall.
0:59 of 3rd period - Stopped by John Gibson with a rebound.
1:41 of 3rd period - Slapshot by Ben Smith.
1:41 of 3rd period - Shot Blocked by Jordan Eberle.
1:58 of 3rd period - Slapshot by Ben Smith.
1:58 of 3rd period - Deflect By Rasmus Ristolainen.
1:58 of 3rd period - Stopped by James Reimer with a rebound.
2:03 of 3rd period - Off-side.
2:04 of 3rd period - Brandon Sutter wins face-off versus Brayden Schenn in neutral zone.
2:21 of 3rd period - Snap shot by Claude Giroux.
2:21 of 3rd period - Stopped by James Reimer without a rebound.
2:22 of 3rd period - Connor McDavid wins face-off versus Andre Burakovsky in Oilers zone.
2:29 of 3rd period - Slapshot by Tobias Enstrom.
2:29 of 3rd period - Stopped by John Gibson with a rebound.
2:49 of 3rd period - Anton Volchenkov is hit by Brayden Schenn and loses puck.
3:10 of 3rd period - Pavel Buchnevich is hit by Blake Comeau and loses puck.
3:45 of 3rd period - Braydon Coburn is hit by Riley Sheahan and loses puck.
4:05 of 3rd period - Calvin de Haan is hit by Darnell Nurse and loses puck.
4:36 of 3rd period - Brayden Schenn is hit by Phil Kessel and loses puck.
6:25 of 3rd period - Kevin Shattenkirk is hit by Anton Volchenkov and loses puck.
6:55 of 3rd period - Icing by John Klingberg.
6:56 of 3rd period - Bo Horvat wins face-off versus Taylor Hall in Maple Leafs zone.
6:56 of 3rd period - Bo Horvat is hit by Jordan Eberle.
7:08 of 3rd period - Calvin de Haan is hit by Anton Volchenkov and loses puck.
7:23 of 3rd period - Kevin Porter is hit by Jake Guentzel and loses puck.
7:28 of 3rd period - Wrist shot by Ben Smith.
7:28 of 3rd period - Stopped by James Reimer with a rebound.
8:16 of 3rd period - Brayden Schenn is hit by Darnell Nurse and loses puck.
8:30 of 3rd period - Riley Sheahan is hit by Patrick Kane and loses puck.
8:58 of 3rd period - Snap shot by Connor McDavid.
8:58 of 3rd period - Stopped by John Gibson with a rebound.
9:00 of 3rd period - Wrist shot by Connor McDavid.
9:00 of 3rd period - Stopped by John Gibson with a rebound.
9:06 of 3rd period - Hampus Lindholm is hit by James Neal and loses puck.
9:25 of 3rd period - Wrist shot by Riley Sheahan.
9:25 of 3rd period - Shot Blocked by Kevin Shattenkirk.
9:44 of 3rd period - Slapshot by Connor McDavid.
9:44 of 3rd period - Shot Blocked by Kevin Shattenkirk.
9:46 of 3rd period - Wrist shot by Riley Sheahan.
9:46 of 3rd period - Shot Misses the Net.
9:55 of 3rd period - Icing by Connor McDavid.
9:56 of 3rd period - Connor McDavid wins face-off versus Logan Couture in Oilers zone.
10:16 of 3rd period - Off-side.
10:17 of 3rd period - Mika Zibanejad wins face-off versus Henrik Zetterberg in neutral zone.
10:43 of 3rd period - Anton Volchenkov is hit by Jake Guentzel and loses puck.
10:50 of 3rd period - Slapshot by Jake Guentzel.
10:50 of 3rd period - Stopped by James Reimer with a rebound.
11:04 of 3rd period - Snap shot by Blake Comeau.
11:04 of 3rd period - Stopped by James Reimer without a rebound.
11:05 of 3rd period - Bo Horvat wins face-off versus Brandon Sutter in Oilers zone.
11:08 of 3rd period - Slapshot by John Klingberg.
11:08 of 3rd period - Stopped by James Reimer without a rebound.
11:09 of 3rd period - Bo Horvat wins face-off versus Brandon Sutter in Oilers zone.
11:32 of 3rd period - Snap shot by Blake Comeau.
11:32 of 3rd period - Shot Misses the Net.
11:34 of 3rd period - Snap shot by Dany Heatley.
11:34 of 3rd period - Stopped by James Reimer with a rebound.
11:36 of 3rd period - Snap shot by Kevin Shattenkirk.
11:36 of 3rd period - Stopped by James Reimer with a rebound.
11:38 of 3rd period - Slapshot by Kevin Shattenkirk.
11:38 of 3rd period - Stopped by James Reimer without a rebound.
11:39 of 3rd period - Henrik Zetterberg wins face-off versus Brayden Schenn in Oilers zone.
12:44 of 3rd period - Phil Kessel is hit by Brayden Schenn and loses puck.
13:19 of 3rd period - Wrist shot by Phil Kessel.
13:19 of 3rd period - Deflect By Brandon Sutter.
13:19 of 3rd period - Shot Blocked by Ryan Parent.
13:19 of 3rd period - Puck is out of play.
13:20 of 3rd period - Logan Couture wins face-off versus Henrik Zetterberg in Maple Leafs zone.
13:35 of 3rd period - Snap shot by Taylor Hall.
13:35 of 3rd period - Stopped by John Gibson with a rebound.
13:37 of 3rd period - Slapshot by Adam Larsson.
13:37 of 3rd period - Stopped by John Gibson with a rebound.
13:47 of 3rd period - Adam Larsson is hit by Mika Zibanejad and loses puck.
14:32 of 3rd period - Snap shot by Jordan Eberle.
14:32 of 3rd period - Shot Blocked by Braydon Coburn.
14:41 of 3rd period - Icing by Jordan Eberle.
14:42 of 3rd period - Henrik Zetterberg wins face-off versus Mika Zibanejad in Oilers zone.
14:56 of 3rd period - Phil Kessel is hit by Beau Bennett and loses puck.
17:10 of 3rd period - Minor Penalty to James Neal for Holding.
17:11 of 3rd period - Brayden Schenn wins face-off versus Brandon Sutter in Oilers zone.
18:05 of 3rd period - Henrik Zetterberg is hit by Jake Guentzel and loses puck.
19:10 of 3rd period - Penalty to James Neal is over, James Neal is back on ice.
19:17 of 3rd period - Blake Comeau is hit by Henrik Zetterberg and loses puck.
19:24 of 3rd period - Tobias Enstrom is hit by Dany Heatley and loses puck.
19:37 of 3rd period - Oilers, James Reimer is pulled from the net.
19:39 of 3rd period - Wrist shot by Jordan Eberle.
19:39 of 3rd period - Deflect By Leon Draisaitl.
19:39 of 3rd period - Stopped by John Gibson with a rebound.
19:41 of 3rd period - Wrist shot by Henrik Zetterberg.
19:41 of 3rd period - Stopped by John Gibson with a rebound.
Goals for this period are 0 for Maple Leafs vs 0 for Oilers.
Shots for this period are 9 for Maple Leafs vs 8 for Oilers.